AoeStats
← 不摇碧莲

Arena

510945680Analyzed
2v2 RM · 16h ago on Oct 3, 2026· 40m 59s· 4 players
Game mode
Random Map
Map size
Medium (4 player)
Population
200
Speed
Normal
Resources
Standard
Victory
Conquest
Starting age
Dark Age
Ending age
Imperial Age
RankedLock teamsTeams togetherTeam positionsShared explorationLock speedFull tech treeHidden civsTurbo modeCheats
Victory
Defeat
🇨🇳 Teutons · China
1312
+15
🇨🇳 Portuguese · China
1289
+15
🇺🇸 Persians · United States
1286
-15
🇲🇽 Bohemians · Mexico
1286
-15
jorgeaguirre1
9:49 Feudal Age
10:36 Double-Bit Axe
10:34 Horse Collar
18:50 Castle Age
17:35 Scale Barding Armor
18:30 Gold Mining
19:48 Bow Saw
20:17 Wheelbarrow
30:55 Imperial Age
28:47 Stone Mining
29:14 Hand Cart
29:49 Bloodlines
30:00 Chain Barding Armor
30:49 Husbandry
30:35 Cavalier
31:51 Plate Barding Armor
31:27 Forging
33:57 Chemistry
33:53 Masonry
33:10 Savar
34:21 Devotion
35:20 Iron Casting
38:33 Fletching
39:44 Blast Furnace
40:30 Ballistics
Fer Rendon
9:47 Feudal Age
11:46 Loom
14:03 Castle Age
24:08 Double-Bit Axe
25:02 Wheelbarrow
24:14 Town Watch
29:58 Imperial Age
28:24 Bow Saw
27:57 Horse Collar
28:53 Fervor
29:01 Scale Mail Armor
29:11 Forging
28:24 Pikeman
29:05 Squires
28:50 Arson
30:53 Chain Mail Armor
31:13 Iron Casting
30:12 Halberdier
32:32 Chemistry
34:16 Plate Mail Armor
34:46 Devotion
36:22 Blast Furnace
40:02 Man-at-Arms
不摇碧莲
5:42 Loom
8:45 Feudal Age
9:40 Double-Bit Axe
10:13 Fletching
15:30 Double-Bit Axe
19:22 Wheelbarrow
22:20 Castle Age
20:28 Horse Collar
21:15 Gold Mining
30:30 Imperial Age
28:36 Redemption
28:33 Squires
29:27 Sanctity
29:54 Scale Mail Armor
29:50 Bodkin Arrow
30:00 Pikeman
31:36 Conscription
32:06 Block Printing
32:49 Illumination
35:42 Chemistry
35:10 Halberdier
35:49 Man-at-Arms
38:20 Chain Mail Armor
38:51 Bloodlines
38:05 Cavalier
41:26 Devotion
42:01 Theocracy
lanlinxxs
10:17 Feudal Age
13:56 Castle Age
11:42 Double-Bit Axe
12:20 Horse Collar
18:55 Bow Saw
21:13 Heavy Plow
23:08 Wheelbarrow
22:52 Gold Mining
22:58 Stone Mining
25:00 Stone Shaft Mining
26:05 Hand Cart
28:39 Imperial Age
25:58 Town Watch
25:58 Loom
26:59 Fletching
27:10 Padded Archer Armor
27:22 Treadmill Crane
28:04 Ballistics
28:41 Scale Mail Armor
28:51 Forging
28:38 Bodkin Arrow
28:49 Town Patrol
29:34 Chain Mail Armor
28:53 Pikeman
30:48 Chemistry
29:20 Elite Organ Gun
30:21 Conscription
30:02 Halberdier
31:25 Iron Casting
32:31 Plate Mail Armor
34:43 Blast Furnace
33:48 Bracer
33:56 Siege Engineers
35:00 Coinage
36:24 Arquebus
39:35 Banking
39:15 Guilds
39:53 Arson
Connection lost

Rejoining the realm…

Still unreachable

The connection could not be restored.

Session expired

The server has moved on; the page needs a fresh start.